 Dungeon Crawl Stone Soup version 0.19-a0-1732-g0b18a7b (webtiles) character file.

19 4thArraOfDagon the Skirmisher (level 2, -1/24 HPs)
             Began as a Formicid Monk on Sept 30, 2016.
             Was a Believer of Okawaru.
             Killed by nerve-wracking pain
             ... invoked by Menkaure
              (14 damage)
             ... on level 4 of the Dungeon.
             The game lasted 00:02:30 (497 turns).

4thArraOfDagon the Skirmisher (Formicid Monk)        Turns: 497, Time: 00:02:30

Health: -1/24      AC:  3    Str: 12 (15) XL:     2   Next: 95%
Magic:  1/2        EV: 10    Int: 12 (14) God:    Okawaru [**....]
Gold:   80         SH:  6    Dex: 10 (13) Spells: 0 memorised, 1 level left

rFire  . . .     SeeInvis +     a - +0 hand axe
rCold  . . .     Gourm    .     b - +0 robe
rNeg   . . .     Faith    .     k - +0 shield
rPois  .         Spirit   .     (helmet unavailable)
rElec  .         Dismiss  .     (no cloak)
rCorr  .         Reflect  .     e - +0 pair of gloves
MR     .....     Harm     .     (no boots)
Stlth  ++........               (no amulet)
                                (no ring)
                                (no ring)

@: brilliant, flying
A: permanent stasis, dig shafts and tunnels, four strong arms, antennae 3
a: Dig, Shaft Self, Heroism, Renounce Religion


You were on level 4 of the Dungeon.
You worshipped Okawaru.
Okawaru was pleased with you.
You were not hungry.

You visited 1 branch of the dungeon, and saw 5 of its levels.

You collected 80 gold pieces.

Inventory:

Hand Weapons
 a - a +0 hand axe (weapon)
Armour
 b - a +0 robe (worn)
 e - a +0 pair of gloves (worn)
 k - a +0 shield (worn)
Scrolls
 d - 2 scrolls of immolation {unknown}
 f - 3 scrolls of remove curse {unknown}
 g - a scroll of identify {unknown}
 i - 3 scrolls of fog {unknown}
 m - a scroll of random uselessness {unknown}
 n - a scroll of teleportation {unknown}
Potions
 j - a potion of brilliance
Comestibles
 c - 2 bread rations


   Skills:
 + Level 3.6 Fighting
 * Level 3.2 Axes
 + Level 0.9 Armour
 + Level 2.8 Dodging
 - Level 2.4 Stealth
 * Level 0.5 Shields
 + Level 0.0 Invocations


You had one spell level left.
You didn't know any spells.

Dungeon Overview and Level Annotations

Branches:
Dungeon (5/15)
 Temple: D:4-7

Altars:
Okawaru
Trog

Shops:
D:4 (:

Annotations:
D:4 Menkaure


Innate Abilities, Weirdness & Mutations

You are under a permanent stasis effect.
You can dig through walls and to a lower floor.
Your four strong arms can wield two-handed weapons with a shield.
You have a pair of large antennae on your head. (SInv)


Message History

Unknown command.
It was a potion of heal wounds.
You feel much better.
Menkaure calls on the powers of darkness!
Your body is wracked with pain!
Unknown command.
It was a potion of degeneration.
There was something very wrong with that liquid.
You feel weakened.
You feel dopey.
You feel clumsy. You block Menkaure's attack.
Unknown command.
Your shield prevents you from hitting Menkaure.
Menkaure is heavily damaged.
You feel like a meek peon again. You block Menkaure's attack.
You hit Menkaure.
Menkaure is severely damaged.
Menkaure points at you and mumbles some strange words.
Pain shoots through your body!
Ouch! That really hurt!
You die...

####...# .∩.....# .#
#####.## #.# #.# ..#
##'## ..# ##...## ..
##.....## ### .#
##......)## ##.###.#
#.........####..@#..#
'.........'......M#M#
#.........##⌠.⌠..##.#
##.......###.∩..## .#
##.....## #⌠.⌠.# #.
##...## ###### #
##+##


You could see Menkaure.

Vanquished Creatures
  A worm (D:4)
  2 leopard geckos
  2 orcs
  2 hobgoblins (D:3)
  A frilled lizard (D:3)
  4 kobolds
  A rat (D:1)
13 creatures vanquished.

Notes
Turn   | Place    | Note
-------+----------+-------------------------------------------
     0 | D:1      | 4thArraOfDagon the Formicid Monk began the quest for the Orb.
     0 | D:1      | Reached XP level 1. HP: 18/18 MP: 1/1
   107 | D:3      | Reached XP level 2. HP: 24/24 MP: 2/2
   195 | D:4      | Found a bloodstained altar of Trog.
   268 | D:5      | Entered Level 5 of the Dungeon
   272 | D:5      | Noticed a crimson imp
   292 | D:5      | Found an iron altar of Okawaru.
   299 | D:5      | Became a worshipper of Warmaster Okawaru
   299 | D:5      | Reached * piety under Okawaru
   299 | D:5      | Reached ** piety under Okawaru
   446 | D:4      | Found Jiklemig's Weapon Shop.
   474 | D:4      | Found Xois's Book Boutique.
   483 | D:4      | Noticed Menkaure
   497 | D:4      | Killed from afar by Menkaure

Vault maps used:
D:1:      dpeg_arrival_tiny_i, minmay_pentomino_w4
D:3:      lemuel_round_altar, gammafunk_temple_overflow_pools, first_bread
D:4:      bloody_trog, lemuel_coloured_pillars_altar, serial_shops,
          shop_fountains, shop, nicolae_shop_waterfront, shop, shop,
          uniq_menkaure
D:5:      kennysheep_little_box, okawaru_ov_weapons_minmay

Action                   || total
-------------------------++-------
Melee: Hand axe          ||    61
Invok: Heroism           ||     2
 Abil: Dig               ||     5
  Use: Potion            ||     4
 Stab: Sleeping          ||     1
Armor: Robe              ||    11
Dodge: Dodged            ||    33
Block: Shield            ||     9
